 Dungeon Crawl Stone Soup version 0.15-a0-225-ga4013df (webtiles) character file.

55898 yahmik the Impaler (level 14, 0/124 HPs)
             Began as a Minotaur Fighter on Apr 25, 2014.
             Was the Champion of Okawaru.
             Killed from afar by an orc wizard (2 damage)
             ... with a puff of flame
             ... on Level 4 of the Orcish Mines.
             The game lasted 01:37:18 (16128 turns).

yahmik the Impaler (Minotaur Fighter)              Turns: 16128, Time: 01:37:18

HP   0/124       AC 31     Str 32      XL: 14   Next: 32%
MP   6/8         EV 13     Int  5      God: Okawaru [******]
Gold 1971        SH 35     Dex 11      Spells:  0 memorised, 13 levels left

rFire  + . .     SeeInvis .     o - +9 spear of the Sun {vamp, rC+}
rCold  + . .     Clarity  .     B - +3 chain mail {rF+}
rNeg   . . .     Conserve +     y - +3 shield "Axamais" {Str+4 Dam+5}
rPois  .         rCorr    +     (helmet restricted)
rElec  .         rRot     .     I - +2 cloak {rCorr, Cons}
SustAb . .       Spirit   .     P - +2 pair of gloves {Str+3}
rMut   .         Warding  .     E - +2 pair of boots {+Jump}
Saprov . . .     Stasis   +     m - amulet of stasis
MR     ++...                    b - ring of protection from magic
                                v - +4 ring of protection

@: invisible, exhausted, very slightly contaminated, heroism, drained, very
resistant to hostile enchantments, extremely unstealthy
A: retaliatory headbutt, horns 2
a: Heroism, Finesse, Renounce Religion, Evoke Jump Attack


You were on level 4 of the Orcish Mines.
You worshipped Okawaru.
Okawaru was exalted by your worship.
You were hungry.

You visited 4 branches of the dungeon, and saw 21 of its levels.
You also visited: Sewer and Volcano.

You collected 2288 gold pieces.
You spent 317 gold pieces at shops.

Inventory:

Hand weapons
 o - the +9,+9 spear of the Sun (weapon) {vamp, rC+}
   (You found it on level 5 of the Dungeon)

   It inflicts no extra harm, but heals its wielder somewhat when it strikes a
   living foe.
   It protects you from cold.
Armour
 y - the +3 shield "Axamais" (worn) {Str+4 Dam+5}
   (You acquired it on level 8 of the Dungeon)

   It affects your strength (+4).
   It affects your damage with ranged weapons and melee attacks (+5).
 B - a +3 chain mail of fire resistance (worn)
 E - a +2 pair of boots of jumping (worn)
 F - a +1 cloak of poison resistance
 I - a +2 cloak of preservation (worn)
 P - a +2 pair of gloves of strength (worn)
Magical devices
 c - a wand of teleportation (2)
 i - a wand of slowing (11)
 k - a wand of lightning (10)
 s - a wand of random effects (15)
 H - a wand of confusion (16)
 J - a wand of invisibility (1)
 N - a wand of digging (1)
 O - a wand of lightning (3)
 U - a wand of fire (6)
 V - a wand of magic darts (15)
 W - a wand of slowing (13)
 X - a wand of slowing (2)
Comestibles
 d - 6 bread rations
 f - 7 beef jerkies
 l - 8 meat rations
 A - 6 honeycombs
Scrolls
 g - 3 scrolls of fog
 h - 3 scrolls of remove curse
 p - 10 scrolls of teleportation
 t - 2 scrolls of magic mapping
 w - 2 scrolls of identify
 x - a scroll of fear
 C - a scroll of enchant weapon II
 S - a scroll of silence
 T - a scroll of enchant armour
Jewellery
 a - an uncursed ring of ice
 b - a ring of protection from magic (right hand)
 m - an amulet of stasis (around neck)
 u - an uncursed ring of protection from fire
 v - a +4 ring of protection (left hand)
 z - a cursed ring of sustenance
Potions
 e - 3 potions of might
 j - a potion of berserk rage
 n - a potion of restore abilities
 r - 5 potions of curing
 D - 5 potions of brilliance
 G - a potion of porridge
 L - a potion of agility
 M - 2 potions of resistance
 Q - a potion of haste


   Skills:
 + Level 11.3(15.8) Fighting
   Level 6.6(11.1) Axes
 * Level 18.5(22.9) Polearms
 + Level 11.0(15.5) Armour
 + Level 9.7(14.2) Dodging
 + Level 13.0(17.4) Shields
 + Level 1.6(1.2) Invocations
 + Level 1.4(1.0) Evocations


You had 13 spell levels left.
You didn't know any spells.

Dungeon Overview and Level Annotations

Branches:
Dungeon (15/15)            Temple (1/1) D:4             Orc (4/4) D:10
   Lair (0/8) D:10         Vaults (0/5) D:13         Depths (1/5) D:15
    Elf: Orc:3-4

Altars:
Ashenzari
Cheibriados
Dithmenos
Elyvilon
Fedhas
Kikubaaqudgha
Makhleb
Nemelex Xobeh
Okawaru
Sif Muna
Trog
Vehumet
Xom
Yredelemnul
Zin
The Shining One

Shops:
D:8 *   D:10 :   D:15 =   Orc:2 %*   Orc:4 =!=

Annotations:
Depths:1 Nikola


Innate Abilities, Weirdness & Mutations

You reflexively headbutt those who attack you in melee.
You have a pair of horns on your head.


Message History

The orc priest calls down the wrath of Beogh upon you.
Something smites you!
* * * LOW HITPOINT WARNING * * *
As you read the scroll of fear, it crumbles to dust.
You assume a fearsome visage.
The orc knight looks frightened!
The orc knight looks frightened!
The iron imp is unaffected.
The orc high priest looks frightened!
The neqoxec is unaffected.
The orc knight easily resists.
The yak skeleton is unaffected.
The orc warrior looks frightened!
The rat skeleton is unaffected.
The orc warrior looks frightened!
The orc priest looks frightened!
The rat skeleton is unaffected. x4
The yak skeleton is unaffected.
The rat skeleton is unaffected.
The rat skeleton is unaffected. x2
The orc zombie is unaffected.
The sixfirhy is unaffected.
The orc zombie is unaffected.
The crimson imp is unaffected.
The crimson imp is unaffected.
You hear some strange, mumbled words.
A puff of flame appears from out of thin air!
The puff of flame hits you! You resist.
You die...

####### ##.....##
###.zz....∩#
#...o55.....
##..zZ..45...
##..oo)o§.....∩ .
#.)zzo@z3z....# ..
##..z#oZo....∩## .
#..)##.z.z..### . ###
#..)###..#### . ##.###
#...)##### #
#....####..(..#######
####....# ##..........#
#...)))###.##.........#
).).)().....###.......#


You could see 3 orc knights, an orc high priest (fleeing), a sixfirhy, a
neqoxec, 2 orc warriors, an iron imp, an orc priest (fleeing), 2 crimson imps, 2
orc zombies, 8 rat skeletons and 2 yak skeletons.

Vanquished Creatures
  Louise (D:14)
  A dire elephant (D:15)
  2 hydras
  An ogre mage (D:15)
  A tengu warrior (D:15)
  A plague shambler (D:15)
  2 centaur warriors
  2 orc high priests (Orc:4)
  Nergalle (D:10)
  An iron troll (D:13)
  A skeletal warrior (D:15)
  7 hill giants
  4 unseen horrors
  3 orc knights
  2 lindwurms (D:11)
  A necromancer (D:15)
  A griffon (D:14)
  A flaming corpse (Volcano)
  10 cyclopes
  A stone giant zombie (D:15)
  A phantasmal warrior (D:15)
  2 manticores
  5 orc sorcerers (Orc:4)
  4 gargoyles
  Psyche (D:11)
  A tengu conjurer (D:15)
  A kobold demonologist (D:12)
  2 demonic crawlers (D:11)
  An emperor scorpion zombie (D:15)
  3 centaur zombies
  An efreet (D:15)
  7 trolls
  2 two-headed ogres
  Prince Ribbit (D:6)
  A fire vortex (D:13)
  5 slime creatures (D:14)
  2 ravens (D:15)
  2 griffon zombies
  An ice dragon zombie (D:15)
  2 deep elf magi (Orc:2)
  A shark (D:11)
  4 fire bats
  A shadow (D:15)
  7 yaks
  2 hungry ghosts
  A hill giant zombie (D:14)
  4 wraiths
  8 ugly things
  4 wyverns
  A deep elf fighter (D:10)
  A steam dragon (D:13)
  A water moccasin (D:8)
  6 vampire mosquitoes
  Edmund (D:6)
  A necrophage (D:10)
  A soldier ant (D:9)
  A mottled dragon (D:13)
  28 orc warriors
  A swamp drake (Orc:2)
  2 phantoms
  4 ice beasts
  A manticore zombie (D:15)
  A black bear (D:7)
  16 centaurs
  2 yellow wasps
  2 sky beasts
  16 ogres
  2 crocodiles
  A manticore skeleton (D:10)
  Sigmund (D:3)
  Duvessa (D:8)
  7 lava worms (Volcano)
  7 big kobolds
  5 giant slugs
  A brain worm (D:9)
  12 giant frogs
  2 earth elementals (Volcano)
  A cyclops zombie (D:13)
  4 jellies
  A komodo dragon skeleton (D:11)
  2 yaktaur skeletons
  3 scorpions
  2 troll zombies
  8 killer bees
  A boulder beetle zombie (D:14)
  2 tengu zombies
  2 eyes of draining
  A troll skeleton (D:13)
  3 wights (D:7)
  2 tengu skeletons
  A vampire bat (D:11)
  A giant frog zombie (D:11)
  Dowan (D:8)
  5 goliath beetles
  7 hounds
  A big fish (Sewer)
  6 crimson imps
  4 lava snakes (Volcano)
  A quasit (D:6)
  5 iguanas
  5 gnoll shamans (D:8)
  An iron imp (Orc:2)
  23 orc priests
  44 orc wizards
  2 orange rats (D:11)
  5 sheep
  14 worker ants
  A killer bee zombie (D:6)
  A big kobold skeleton (D:8)
  2 mummies (D:12)
  6 adders
  25 gnolls
  An orc zombie (D:15)
  A giant mite (D:11)
  5 green rats
  8 shadow imps
  A white imp (Orc:2)
  8 worms
  An adder skeleton (D:9)
  2 giant eyeballs
  4 giant geckos
  169 orcs
  30 bats
  14 giant cockroaches
  18 goblins
  23 hobgoblins
  7 jackals
  28 kobolds
  An ooze (D:1)
  9 giant newts
  2 giant spores
  A hobgoblin skeleton (D:6)
  An orc skeleton (D:9)
  7 quokkas
  34 rats
  2 rat skeletons
  6 ballistomycetes (D:14)
  2 butterflies (D:5)
  2 fungi (D:10)
  A plant (D:10)
827 creatures vanquished.

Vanquished Creatures (others)
  An orc knight (D:15)
  A killer bee (D:14)
  2 orcs
  A quokka (D:6)
  2 rat skeletons (Orc:4)
  2 fungi (D:8)
  2 plants
11 creatures vanquished.

Grand Total: 838 creatures vanquished

Notes
Turn   | Place    | Note
--------------------------------------------------------------
     0 | D:1      | yahmik, the Minotaur Fighter, began the quest for the Orb.
     0 | D:1      | Reached XP level 1. HP: 19/19 MP: 1/1
   184 | D:1      | Reached XP level 2. HP: 25/27 MP: 1/1
   451 | D:1      | You fall through a shaft!
   527 | D:1      | Reached skill level 4 in Shields
   656 | D:2      | Found a basalt altar of Yredelemnul.
   684 | D:2      | Reached XP level 3. HP: 33/33 MP: 2/2
   814 | D:2      | Reached XP level 4. HP: 2/40 MP: 2/2
  1451 | D:3      | Found a glowing golden altar of the Shining One.
  1673 | D:3      | Noticed Sigmund
  1682 | D:3      | Killed Sigmund
  1682 | D:3      | Reached skill level 5 in Armour
  1682 | D:3      | Reached skill level 1 in Dodging
  1682 | D:3      | Reached XP level 5. HP: 39/46 MP: 2/2
  1814 | D:3      | Found an ancient bone altar of Kikubaaqudgha.
  2032 | D:3      | Paralysed by a potion of paralysis for 7 turns
  2240 | D:4      | Reached skill level 5 in Axes
  2446 | D:4      | Reached XP level 6. HP: 28/52 MP: 3/3
  2748 | D:4      | Found a staircase to the Ecumenical Temple.
  2862 | Temple   | Entered the Ecumenical Temple
  2889 | Temple   | Became a worshipper of Warmaster Okawaru
  3155 | D:5      | Entered Level 5 of the Dungeon
  3245 | D:5      | Found a glowing drain.
  3274 | Sewer    | Entered a sewer
  3282 | Sewer    | Reached skill level 6 in Axes
  3390 | Sewer    | Found a white marble altar of Elyvilon.
  3563 | D:5      | Reached XP level 7. HP: 15/60 MP: 3/3
  3565 | D:5      | Acquired Okawaru's first power
  3725 | D:5      | Got an ichor-stained spear
  3726 | D:5      | Identified the +9,+9 spear of the Sun {vamp, rC+} (You found it on level 5 of the Dungeon)
  3804 | D:5      | Found a shimmering altar of Xom.
  4070 | D:6      | Reached skill level 1 in Polearms
  4080 | D:6      | Reached skill level 5 in Fighting
  4464 | D:6      | Found a burning altar of Makhleb.
  4464 | D:6      | Noticed a cacodemon
  4467 | D:6      | Found a glowing silver altar of Zin.
  4467 | D:6      | Noticed an angel
  4554 | D:6      | Found a white marble altar of Elyvilon.
  4650 | D:6      | Noticed Prince Ribbit
  4651 | D:6      | Noticed Edmund
  4671 | D:6      | Killed Edmund
  4671 | D:6      | Reached skill level 7 in Armour
  4671 | D:6      | Reached XP level 8. HP: 65/68 MP: 3/3
  4750 | D:6      | Killed Prince Ribbit
  4750 | D:6      | Reached skill level 5 in Shields
  5320 | D:7      | Reached XP level 9. HP: 75/75 MP: 4/4
  5344 | D:7      | Reached skill level 8 in Polearms
  5395 | D:7      | Found a radiant altar of Vehumet.
  5457 | D:7      | Found a snail-covered altar of Cheibriados.
  5603 | D:8      | Found Zecwacoi's Assorted Antiques.
  5611 | D:8      | Bought a scroll labeled QUTUOS GIYX for 27 gold pieces
  5611 | D:8      | Bought a scroll labeled SHROLU SMIOBLAEDD for 27 gold pieces
  5611 | D:8      | Bought a large tourmaline ring for 135 gold pieces
  5613 | D:8      | Got a transparent shield
  5626 | D:8      | Identified the +3 shield "Axamais" {Str+4 Dam+5} (You acquired it on level 8 of the Dungeon)
  5782 | D:8      | Reached skill level 9 in Polearms
  5849 | D:8      | Found a shadowy altar of Dithmenos.
  5895 | D:8      | Noticed Duvessa
  5897 | D:8      | Noticed Dowan
  5900 | D:8      | Killed Duvessa
  5909 | D:8      | Killed Dowan
  6235 | D:8      | Reached skill level 10 in Polearms
  6240 | D:8      | Acquired Okawaru's second power
  6410 | D:8      | Found a blossoming altar of Fedhas.
  6549 | D:9      | Noticed a gargoyle
  6556 | D:9      | Killed a gargoyle
  6556 | D:9      | Reached XP level 10. HP: 65/86 MP: 5/5
  6596 | D:9      | Reached skill level 5 in Dodging
  6931 | D:9      | Reached skill level 11 in Polearms
  7286 | D:9      | Received a gift from Okawaru
  7443 | D:10     | Entered Level 10 of the Dungeon
  7457 | D:10     | Found a staircase to the Orcish Mines.
  7527 | D:10     | Noticed a hill giant
  7529 | D:10     | Noticed a cyclops
  7539 | D:10     | Killed a hill giant
  7546 | D:10     | Killed a cyclops
  7546 | D:10     | Reached skill level 12 in Polearms
  7546 | D:10     | Reached skill level 1 in Invocations
  7566 | D:10     | Noticed Nergalle
  7580 | D:10     | Killed Nergalle
  7586 | D:10     | Reached XP level 11. HP: 58/94 MP: 2/5
  8046 | D:10     | Identified a +1 cloak of preservation (You found it on level 10 of the Dungeon)
  8118 | D:10     | Found a staircase to the Lair.
  8204 | D:10     | Found Sirod's Book Boutique.
  8495 | D:11     | Reached skill level 13 in Polearms
  8755 | D:11     | Received a gift from Okawaru
  8831 | D:11     | Noticed a hill giant
  8838 | D:11     | Killed a hill giant
  8887 | D:11     | Found a deep blue altar of Sif Muna.
  8908 | D:11     | Noticed a hill giant
  8931 | D:11     | Killed a hill giant
  9265 | D:11     | Reached skill level 10 in Armour
  9319 | D:11     | Noticed Psyche
  9325 | D:11     | Noticed a lindwurm
  9325 | D:11     | Killed Psyche
  9353 | D:11     | Killed a lindwurm
  9353 | D:11     | Reached skill level 14 in Polearms
  9366 | D:11     | Received a gift from Okawaru
  9379 | D:11     | Noticed a lindwurm
  9390 | D:11     | Killed a lindwurm
  9390 | D:11     | Reached skill level 10 in Shields
  9479 | D:11     | Killed an unseen horror
  9479 | D:11     | Reached XP level 12. HP: 105/105 MP: 7/7
  9589 | D:11     | Killed an unseen horror
  9948 | D:12     | Reached skill level 15 in Polearms
 10116 | D:12     | Reached skill level 1 in Evocations
 10536 | D:13     | Noticed a four-headed hydra
 10541 | D:13     | Killed a four-headed hydra
 10578 | D:13     | Received a gift from Okawaru
 10583 | D:13     | Reached skill level 10 in Fighting
 10583 | D:13     | Reached skill level 16 in Polearms
 10608 | D:13     | Found a gate to the Vaults.
 10791 | D:13     | Reached XP level 13. HP: 113/113 MP: 8/8
 11395 | D:14     | Noticed Louise
 11442 | D:14     | Killed Louise
 12311 | D:14     | Found a blossoming altar of Fedhas.
 12412 | D:14     | Reached skill level 17 in Polearms
 12418 | D:14     | Received a gift from Okawaru
 12686 | D:15     | Entered Level 15 of the Dungeon
 12827 | D:15     | Got a bronze plate armour
 12828 | D:15     | Identified the cursed -5 plate armour "Coawn" {rElec Dex-3 Acc+4 Dam+2 Stlth--} (You found it on level 15 of the Dungeon)
 12881 | D:15     | Received a gift from Okawaru
 12985 | D:15     | Found a staircase to the Depths.
 13010 | Depths:1 | Entered Level 1 of the Depths
 13010 | Depths:1 | Noticed an emperor scorpion
 13010 | Depths:1 | Noticed a dire elephant
 13012 | Depths:1 | Noticed Nikola
 13028 | D:15     | Killed a dire elephant
 13317 | D:15     | Found Cijoh's Jewellery Shop.
 13751 | Orc:1    | Entered Level 1 of the Orcish Mines
 13883 | Orc:1    | Reached skill level 18 in Polearms
 14135 | Orc:2    | Found Dinasan's General Store.
 14138 | Orc:2    | Received a gift from Okawaru
 14138 | Orc:2    | Reached XP level 14. HP: 124/124 MP: 8/8
 14168 | Orc:2    | Got a smoking cloak {god gift}
 14172 | Orc:2    | Identified the +2 cloak "Samiam" {Dex+3 Int+3} (Okawaru gifted it to you on level 2 of the Orcish Mines)
 14210 | Orc:2    | Bought 2 potions of heal wounds for 96 gold pieces
 14210 | Orc:2    | Bought a potion of curing for 32 gold pieces
 14260 | Orc:2    | Found a dark tunnel.
 14267 | Volcano  | Entered a volcano
 14387 | Volcano  | Found a burning altar of Makhleb.
 14450 | Volcano  | Found a bloodstained altar of Trog.
 14930 | Orc:2    | Got a crude hat
 14935 | Orc:2    | Identified the +1 hat of the Tick {rN+} (You found it on level 2 of the Orcish Mines)
 15005 | Orc:2    | Found Kluofawk's Food Shop.
 15261 | Orc:3    | Found a deep blue altar of Sif Muna.
 15887 | Orc:4    | Entered Level 4 of the Orcish Mines
 16098 | Orc:4    | Found Skaum's Distillery.
 16098 | Orc:4    | Found Kedid's Jewellery Boutique.
 16098 | Orc:4    | Found Skohasir's Jewellery Shoppe.
 16127 | Orc:4    | HP: 1/124 [orc priest/divine providence (16)]
 16128 | Orc:4    | Killed from afar by an orc wizard

Action                   |  1- 3 |  4- 6 |  7- 9 | 10-12 | 13-15 || total
-------------------------+-------+-------+-------+-------+-------++-------
Melee: War axe           |    59 |   187 |     3 |       |       ||   249
       Spear             |       |       |   414 |   912 |   964 ||  2290
Invok: Heroism           |       |       |       |     3 |     1 ||     4
 Abil: Evoke Jump Attack |       |       |       |     2 |     2 ||     4
Evoke: Wand              |       |     2 |     2 |     3 |     7 ||    14
  Use: Scroll            |     4 |     5 |    10 |    11 |     9 ||    39
       Potion            |     2 |     5 |     3 |     2 |     9 ||    21
